 Dungeon Crawl Stone Soup version 0.31.0-32-g396128a36d (webtiles) character file.

Game seed: 2840319166261299431

37 Gabide the Apothecary (level 3, 0/28 HPs)
             Began as a Naga Alchemist on Apr 20, 2024.
             Slain by a goblin
             ... wielding a +0 club
             ... led by Robin
              (2 damage)
             ... on level 2 of the Dungeon.
             The game lasted 00:03:53 (1106 turns).

Gabide the Apothecary (Naga Alchemist)              Turns: 1106, Time: 00:03:53

Health: 0/28       AC:  2    Str: 10    XL:     3   Next: 41%
Magic:  0/6        EV: 10    Int: 15    God:
Gold:   139        SH:  0    Dex: 13    Spells: 5/6 levels left

rFire   . . .        a - +0 dagger
rCold   . . .        (no shield)
rNeg    . . .        e - +0 robe
rPois   +            (no helmet)
rElec   .            (no cloak)
rCorr   .            (no gloves)
SInv    +            (no barding)
Will    .....        (no amulet)
Stlth   ++           (no ring)
HPRegen 0.24/turn    (no ring)
MPRegen 0.10/turn

%: no passive effects
@: short of breath, very slow
A: AC +1, large, see invisible, deformed body, poison resistance, slowness 2,
spit poison 1, naga tail 1
a: Spit Poison


You were on level 2 of the Dungeon.
You visited 1 branch of the dungeon, and saw 2 of its levels.

You collected 139 gold pieces.

Inventory:

Hand Weapons
 a - a +0 dagger (weapon)
 b - a +0 sling
Armour
 e - a +0 robe (worn)
Scrolls
 f - a scroll of blinking {unknown}
 h - 2 scrolls of vulnerability {unknown}
 i - a scroll of summoning {unknown}
Potions
 c - 2 potions of heal wounds {unknown}
 d - a potion of magic
 g - 2 potions of degeneration {unknown}
 j - a potion of resistance {unknown}
 k - a potion of cancellation {unknown}


   Skills:
 + Level 2.0 Dodging
 + Level 3.6 Stealth
 + Level 2.3 Spellcasting
 + Level 1.6 Conjurations
 + Level 4.0 Alchemy


You had 5 spell levels left.
You knew the following spells:

 Your Spells              Type           Power      Damage    Failure   Level
a - Sting                 Conj/Alch      40%        1d5       7%          1

Your spell library contained the following spells:

 Spells                   Type           Power      Damage    Failure   Level
 Mercury Vapours          Alch/Air       14%        N/A       14%         2
 Freeze                   Ice            4%         1d3       22%         1
 Mephitic Cloud           Conj/Alch/Air  7%         N/A       30%         3
 Olgreb's Toxic Radiance  Alch           13%        N/A       38%         4
 Hailstorm                Conj/Ice       4%         3d5       43%         3
 Frozen Ramparts          Ice            2%         1d1       54%         3
 Sticky Flame             Fire/Alch      7%         2d4       67%         4


Dungeon Overview and Level Annotations

Branches:
Dungeon (2/15)

Altars:


Innate Abilities, Weirdness & Mutations

Your serpentine skin is tough. (AC +1)
You have supernaturally acute eyesight. (SInv)
Armour fits poorly on your strangely shaped body.
Your system is resistant to poisons. (rPois)
You cover ground very slowly.
You can spit poison.
You have a snake-like lower body.


Message History

You hit the goblin.
You kill the goblin!
You hit the goblin.
You kill the goblin!
You have got your breath back.
The goblin shoots a sling bullet.
The sling bullet completely misses you. The goblin hits you but does no damage.
The goblin hits you with a +0 dagger of electrocution.
* * * LOW HITPOINT WARNING * * *
Things that are here:
a +0 dagger; a +0 dagger; a goblin corpse
Aiming: Spit Poison (2% risk of failure)
Press: ? - help, Shift-Dir - straight line, f - goblin
Aim: a goblin, wielding a +0 dagger of electrocution (50% to hit)
The splash of poison misses the goblin. x2
The goblin hits you with a +0 dagger of electrocution.
* * * LOW HITPOINT WARNING * * *
Unknown command.
Aiming: Sting (safe; 7% risk of failure)
Press: ? - help, Q - select action, (/) - cycle Shift-Dir - straight line, f/p - goblin
Aim: a goblin, wielding a +0 dagger of electrocution (64% to hit)
The sting hits the goblin.
The goblin is poisoned.
The goblin is heavily wounded.
You kill the goblin!
The goblin shoots a sling bullet.
The sling bullet barely misses you.
Your Dodging skill increases to level 2!
The goblin unwields a +0 sling.
The goblin wields a +0 club.
The goblin hits you with a +0 club.
* * * LOW HITPOINT WARNING * * *
Things that are here:
a +0 dagger of electrocution; a goblin corpse; a frilled lizard corpse You hit the goblin.
The goblin is heavily wounded.
The goblin hits you with a +0 club.
* * * LOW HITPOINT WARNING * * *
Okay, then.
You miss the goblin.
The goblin is heavily wounded.
The goblin hits you with a +0 club.
You die...

#.######### #.#
#####.#
##.....#
###..#####
#...## #.###
#)# #########
##@###........
##>g...........
#..............
#..............
#..............
#.....#........
#.....+†.......
#.....#........
#........#+###g


You could see a goblin.

Vanquished Creatures
  A dart slug (D:1)
  3 bats
  2 endoplasms (D:2)
  3 giant cockroaches
  4 goblins
  5 hobgoblins
  3 kobolds
  A quokka (D:1)
  3 ball pythons
  4 frilled lizards
  A rat (D:2)
30 creatures vanquished.

Notes
Turn   | Place    | Note
-------+----------+-------------------------------------------
     0 | D:1      | Gabide the Naga Alchemist began the quest for the Orb.
     0 | D:1      | Reached XP level 1. HP: 15/15 MP: 3/3
    70 | D:1      | Reached XP level 2. HP: 22/22 MP: 0/5
   680 | D:2      | Reached XP level 3. HP: 28/28 MP: 4/6
   830 | D:2      | Reached skill level 4 in Alchemy
  1105 | D:2      | HP: 1/28 [goblin/+0 club[Robin] (1)]
  1106 | D:2      | Slain by a goblin

Illustrated notes

Levels and vault maps discovered:
D:1:      minmay_arrival_semitransparent, layout_rooms
D:2:      layout_basic, minmay_misc_feat_pillars, minmay_snake_closets,
          uniq_robin, uniq_terence

Skill      XL: |  1  2  3 |
---------------+----------+-----
Alchemy        | 4 |  4.0
Dodging        | 2 |  2.0
Stealth        | |  3.6
Spellcasting   | |  2.3
Conjurations   | |  1.6

Action                     || total
---------------------------++-------
  Melee: Dagger            ||    16
   Fire: Sling             ||     4
   Cast: Sting             ||    43
Ability: Spit Poison       ||    14
    Use: Scroll            ||     1
 Armour: Robe              ||    34
  Dodge: Dodged            ||    17
